 Dungeon Crawl Stone Soup version 0.27.0-1-g7a089689b8 (webtiles) character file.

Game seed: 12620099991723003922

15375 shoop the Thaumaturge (level 12, -9/86 (88) HPs)
             Began as a Djinni Hedge Wizard on Aug 6, 2021.
             Was an Elder of Lugonu.
             Killed by divine providence
             ... invoked by a smoke demon
             ... summoned by an orc sorcerer
              (11 damage)
             ... in a volcano.
             The game lasted 00:50:28 (16637 turns).

shoop the Thaumaturge (Djinni Hedge Wizard)        Turns: 16637, Time: 00:50:29

HP:   -9/86 (88)    AC: 15    Str: 12    XL:     12   Next: 56%
Gold: 801           EV: 13    Int: 23    God:    Lugonu [****..] SH:  0 Dex: 14

rFire    + + .     SeeInvis +   G - +1 trident (venom)
rCold    x . .     Faith    .   (no shield)
rNeg     . . .     Spirit   .   v - quicksilver dragon scales
rPois    ∞         Reflect  .   H - +0 helmet
rElec    .         Harm     .   f - scarf {+Inv}
rCorr    .         Rampage  .   K - +1 pair of gloves {archery}
Will     ++...                  (boots unavailable)
Stlth    +.........             (no amulet)
HPRegen  0.24/turn              s - +6 ring of intelligence
MPRegen  0.00/turn              y - ring of see invisible

@: flying, lightly drained
A: sickness immunity, fire resistance 2, cold vulnerability 1, float, innate
caster, hp casting, extra vitality 1
a: Renounce Religion, Evoke Invisibility, Depart the Abyss, Bend Space, Banish,
Corrupt


You were in a volcano.
You worshipped Lugonu.
Lugonu was greatly pleased with you.
You visited 4 branches of the dungeon, and saw 16 of its levels.
You also visited: Bailey and Volcano.

You collected 1008 gold pieces.
You spent 207 gold pieces at shops.

Inventory:

Hand Weapons
 a - a +2 hunting sling of freezing
 b - a +2 morningstar of protection
 G - a +1 trident of venom (weapon)
Missiles
 g - 522 stones
 h - 2 throwing nets
 l - 138 sling bullets
 q - 11 silver boomerangs
Armour
 f - a scarf of invisibility (worn)
 v - quicksilver dragon scales (worn)
 H - a +0 helmet (worn)
 I - the +10 plate armour of Sandy Amelioration {rElec}
   (You found it in a bailey)

   rElec:     It insulates you from electricity.
 K - a +1 pair of gloves of archery (worn)
 R - a +3 leather armour of cold resistance
Jewellery
 s - a +6 ring of intelligence (left hand)
 w - a ring of protection from fire
 y - a ring of see invisible (right hand)
 A - a ring of positive energy
 D - a ring of protection from fire
Wands
 L - a wand of paralysis (7)
 P - a wand of flame (15)
 Q - a wand of charming (16)
 Y - a wand of digging (6)
Scrolls
 j - a scroll of enchant weapon
 k - 3 scrolls of amnesia {unknown}
 p - 4 scrolls of teleportation
 B - 2 scrolls of enchant armour
 C - a scroll of fog
 F - a scroll of immolation
 N - a scroll of vulnerability
 S - 2 scrolls of summoning
 U - a scroll of blinking
 W - a scroll of holy word {unknown}
 X - a scroll of acquirement
Potions
 c - 2 potions of berserk rage {unknown}
 d - 7 potions of curing {unknown}
 e - 5 potions of brilliance
 i - 3 potions of haste {unknown}
 m - a potion of ambrosia
 n - 4 potions of mutation {unknown}
 r - 2 potions of flight
 z - 5 potions of cancellation {unknown}
 M - a potion of attraction
 O - a potion of might {unknown}
 T - a potion of magic
 V - a potion of resistance
 Z - a potion of lignification {unknown}
Miscellaneous
 J - a phial of floods (inert)


   Skills:
 + Level 8.4 Fighting
 - Level 4.5 Polearms
 - Level 7.0 Armour
 + Level 6.3 Dodging
 - Level 2.5 Stealth
 - Level 9.3 Spellcasting
 + Level 7.3 Invocations
 - Level 3.0 Evocations


You had one spell level left.
You knew the following spells:

 Your Spells              Type           Power      Damage    Failure   Level
a - Animate Armour        Summ/Erth      100%       N/A       2%          4
b - Blink                 Tloc           N/A        N/A       1%          2
c - Call Imp              Summ           52%        N/A       1%          2
d - Slow                  Hex            52%        N/A       1%          2
e - Conjure Flame         Conj/Fire      52%        6-21      1%          3
f - Mephitic Cloud        Conj/Pois/Air  52%        N/A       1%          3
g - Pain                  Necr           100%       1d9       1%          1
h - Ensorcelled Hibernat  Hex/Ice        100%       N/A       1%          2
i - Spider Form           Tmut/Pois      26%        N/A       1%          3
j - Magic Dart            Conj           100%       1d8       1%          1
k - Silence               Hex/Air        26%        N/A       7%          5
Your spell library was empty.

Dungeon Overview and Level Annotations

Branches:
Dungeon (11/15)            Temple (1/1) D:5            Lair (3/6) D:9
  Snake (0/4) Lair:2          Orc (1/2) D:9          Bailey (visited)
Volcano (1/1)
  Swamp: Lair:2-4    Shoals: Lair:2-4

Altars:
Ashenzari
Cheibriados
Dithmenos
Elyvilon
Fedhas
Gozag
Hepliaklqana
Makhleb
Nemelex Xobeh
Okawaru
Qazlal
Ru
Sif Muna
Trog
Uskayaw
Vehumet
Wu Jian
Xom
Yredelemnul
Zin
The Shining One
Lugonu

Shops:
D:4 =   D:10 *

Annotations:
D:4 1 runed translucent door, Crazy Yiuf
D:9 1 runed translucent door, Dazliare's ghost, novice TrCK
D:11 Fannar; Snorg


Innate Abilities, Weirdness & Mutations

You are immune to sickness and miasma.
You are immune to poison.
Your flesh is very heat resistant. (rF++)
You are vulnerable to cold. (rC-)
You float through the air rather than walking.
You learn spells naturally, not from books.
Your magical power is your life essence.
You have superior vitality. (+4 HP)


Message History

Orders for allies: a - Attack new target. r - Retreat! s - Stop attacking. g - Guard the area. f - Follow me.
Anything else - Cancel.
Gang up on whom?
Press: ? - help, Dir - move target, f - orc sorcerer
Aim: an orc sorcerer, wielding a +0 great sword of flaming and wearing a +0 robe of fire resistance (almost dead, poisoned, ally target) Attack!
The orc sorcerer mumbles some strange words.
The smoke demon gestures at you.
The sticky flame hits your animated quicksilver dragon scales but does no damage.
Your animated quicksilver dragon scales is covered in liquid flames!
Your animated quicksilver dragon scales burns!
The orc sorcerer casts a spell at you.
The bolt of fire hits your animated quicksilver dragon scales!
Your animated quicksilver dragon scales is destroyed!
The bolt of fire hits you. You resist.
* * * LOW HITPOINT WARNING * * *
The smoke demon gestures at you. Something smites you!
* * * LOW HITPOINT WARNING * * *
Unknown command.
Okay, then.
Aim the phial where?
Press: ? - help, Shift-Dir - straight line, f/p - orc sorcerer
Aim: an orc sorcerer, wielding a +0 great sword of flaming and wearing a +0 robe of fire resistance (almost dead, poisoned)
The torrent of water hits the chaos spawn!
The chaos spawn is heavily wounded.
The wave splashes down.
The orc sorcerer is engulfed in water.
The smoke demon is engulfed in water.
Okay, then.
Press: ? - help, Shift-Dir - straight line, f - chaos spawn, p - orc sorcerer
Aim: a chaos spawn (heavily wounded, summoned, chance to affect: 55%)
The chaos spawn resists with significant effort.
Press: ? - help, Shift-Dir - straight line, f/p - chaos spawn
Aim: a chaos spawn (heavily wounded, summoned, chance to affect: 55%)
The chaos spawn is devoured by a tear in reality.
The smoke demon gestures at the orc sorcerer.
Something smites you!
You die...

#.8.[⌠.#...#.⌠..8.#
#......'≈∩≈'......#
##....##÷3†##....##
########3######## #≈#
##..## ##o## #....##
#8§8###.....##
#...##..≈....###
##...@..≈≈≈≈....#
#......≈≈≈≈§...##
#....≈§≈≈§≈§§≈..##
##..≈≈≈≈≈≈§≈≈≈§...###
##..§§≈§§§§§≈§§§≈....###
#..≈≈§§§≈§§§≈§≈≈≈≈......
##.≈≈≈§§§§≈≈§§≈≈§≈.≈.§..
#.≈≈≈§§≈≈≈≈≈≈≈§§§≈≈≈§..
#.≈≈§§§§§§≈≈≈≈§§≈§≈≈≈..


You could see a smoke demon (summoned, waterlogged) and an orc sorcerer
(poisoned, waterlogged).

Vanquished Creatures
  A boulder beetle (Lair:2)
  Pikel (D:4)
  2 orc knights (Bailey)
  A cane toad (Lair:1)
  An unseen horror (D:10)
  3 fire bats (Volcano)
  Eustachio (D:3)
  Edmund (D:3)
  7 orc warriors
  A necrophage (D:6)
  An ice beast (D:6)
  5 centaurs
  4 lemures
  A kobold brigand (D:9)
  5 bullfrogs
  3 scorpions
  A water moccasin zombie (D:5)
  2 howler monkeys
  An electric eel (Lair:2)
  2 lava snakes (Volcano)
  3 centaur zombies
  2 jellies (D:6)
  2 orc priests
  A bullfrog skeleton (D:7)
  3 iguanas
  An orc wizard (D:2)
  A killer bee zombie (D:5)
  A gnoll (D:7)
  2 howler monkey skeletons (D:7)
  3 adders
  An ufetubus (D:7)
  A worm (D:2)
  26 orcs
  9 ball pythons
  4 endoplasms
  4 giant cockroaches
  10 goblins
  5 hobgoblins
  8 jackals
  12 kobolds
  2 quokkas
  6 bats
  5 frilled lizards
  5 rats
161 creatures vanquished.

Vanquished Creatures (collateral kills)
  A hydra (Lair:3)
  A centaur warrior (D:9)
  A two-headed ogre (D:8)
  5 death yaks (D:9)
  A sun demon (Volcano)
  4 ugly things (Volcano)
  Joseph (D:8)
  A black mamba (Lair:2)
  2 centaur zombies
  3 cane toads
  A gargoyle (Volcano)
  A rime drake (Lair:3)
  2 komodo dragons
  A troll (D:10)
  A hornet (D:7)
  10 yaks
  A shadow (D:6)
  3 fire bats (Volcano)
  A wyvern (D:8)
  A steam dragon (D:7)
  Menkaure (D:4)
  2 wargs (D:9)
  3 nagas (Lair:2)
  8 water moccasins
  A hell hound (Volcano)
  4 orc warriors
  An ice beast (D:5)
  3 black bears
  A sky beast (D:6)
  A bullfrog (Lair:1)
  A kobold brigand (D:11)
  2 wyvern zombies
  A gnoll sergeant (D:6)
  2 jellies
  A wyvern skeleton (D:5)
  5 killer bees (D:9)
  A howler monkey (D:9)
  5 lava snakes (Volcano)
  4 orc priests
  2 hounds
  An iguana (D:7)
  4 orc wizards
  A killer bee zombie (D:9)
  3 gnolls (D:6)
  2 white imps
  9 orcs
  4 kobolds
115 creatures vanquished.

Vanquished Creatures (others)
  8 fungi
  34 plants
42 creatures vanquished.

Grand Total: 318 creatures vanquished

Notes
Turn   | Place    | Note
-------+----------+-------------------------------------------
     0 | D:1      | shoop the Djinni Hedge Wizard began the quest for the Orb.
     0 | D:1      | Reached XP level 1. HP: 15/15 MP: 0/0
   440 | D:1      | Reached XP level 2. HP: 19/21 MP: 0/0
   562 | D:1      | Found a faded altar of an unknown god.
   725 | D:1      | Reached skill level 3 in Spellcasting
   948 | D:1      | Reached XP level 3. HP: 24/25 MP: 0/0
   948 | D:1      | Learned a level 1 spell: Pain
  1712 | D:2      | Reached XP level 4. HP: 31/31 MP: 0/0
  1927 | D:2      | Reached skill level 1 in Fighting
  2180 | D:3      | Noticed an orc warrior
  2522 | D:3      | Reached skill level 1 in Armour
  2522 | D:3      | Reached XP level 5. HP: 7/38 MP: 0/0
  2522 | D:3      | Learned a level 2 spell: Ensorcelled Hibernation
  3159 | D:3      | Found a snail-covered altar of Cheibriados.
  3302 | D:4      | Noticed Eustachio
  3729 | D:4      | Noticed a lemure
  3744 | D:4      | Noticed Edmund
  3801 | D:2      | Killed a lemure
  4007 | D:2      | Killed an orc warrior
  4008 | D:2      | Reached skill level 4 in Spellcasting
  4008 | D:2      | Reached XP level 6. HP: 41/43 MP: 0/0
  4181 | D:3      | Killed Edmund
  4182 | D:3      | Reached skill level 5 in Spellcasting
  4439 | D:4      | Noticed Pikel
  4681 | D:3      | Killed Eustachio
  4682 | D:3      | Reached XP level 7. HP: 28/49 MP: 0/0
  4682 | D:3      | Learned a level 3 spell: Spider Form
  4909 | D:4      | Killed Pikel
  4910 | D:4      | Reached skill level 6 in Spellcasting
  4910 | D:4      | Reached XP level 8. HP: 15/54 MP: 0/0
  5192 | D:4      | Found Wopry's Jewellery Shoppe.
  5284 | D:4      | Noticed Menkaure
  5293 | D:4      | Killed Menkaure
  5294 | D:4      | Reached skill level 7 in Spellcasting
  5746 | D:4      | Found a runed translucent door.
  5747 | D:4      | Noticed Crazy Yiuf
  5771 | D:5      | Entered Level 5 of the Dungeon
  6107 | D:6      | Found a bloodstained altar of Trog.
  6306 | D:6      | Reached skill level 8 in Spellcasting
  6306 | D:6      | Reached XP level 9. HP: 58/58 MP: 0/0
  6306 | D:6      | Learned a level 4 spell: Animate Armour
  6532 | D:5      | Found a staircase to the Ecumenical Temple.
  6551 | Temple   | Entered the Ecumenical Temple
  6566 | Temple   | Became a worshipper of Lugonu the Unformed
  6566 | Temple   | Reached * piety under Lugonu
  6876 | D:5      | Reached skill level 1 in Invocations
  7246 | D:5      | Found an opulent altar of Gozag.
  8118 | D:6      | Found an ornate altar of the Wu Jian Council.
  8337 | D:7      | Reached skill level 9 in Spellcasting
  8345 | D:7      | Found a flagged portal.
  8455 | D:7      | Found an iron altar of Okawaru.
  8567 | D:7      | Noticed a hornet
  8573 | D:7      | Killed a hornet
  8573 | D:7      | Reached ** piety under Lugonu
  8804 | Bailey   | Entered a bailey
  8885 | Bailey   | Reached skill level 1 in Polearms
  9021 | Bailey   | Noticed an orc knight
  9021 | Bailey   | Noticed an orc knight
  9106 | Bailey   | Killed an orc knight
  9107 | Bailey   | Reached XP level 10. HP: 66/69 MP: 0/0
  9108 | Bailey   | Killed an orc knight
  9109 | Bailey   | Reached skill level 5 in Fighting
  9109 | Bailey   | Reached skill level 5 in Invocations
  9137 | Bailey   | Identified the +10 plate armour of Sandy Amelioration
                  | {rElec}
  9941 | D:8      | Noticed a +0 spear
  9941 | D:8      | Noticed a +0 falchion
  9950 | D:8      | Reached skill level 1 in Evocations
  9965 | D:8      | Noticed a +0 short sword
 10023 | D:8      | Noticed a +0 dagger
 10023 | D:8      | Noticed a +0 spear
 10024 | D:8      | Noticed a +0 short sword
 10024 | D:8      | Noticed a +0 dagger
 10024 | D:8      | Noticed a +0 falchion
 10036 | D:8      | Found a hide-covered altar of Uskayaw.
 10145 | D:8      | Noticed a two-headed ogre
 10150 | D:8      | Killed a two-headed ogre
 10284 | D:8      | Found a sparkling altar of Nemelex Xobeh.
 10429 | D:8      | Noticed Joseph
 10453 | D:8      | Killed Joseph
 10571 | D:8      | Found a basalt altar of Yredelemnul.
 10575 | D:8      | Found a hazy altar of Hepliaklqana.
 10582 | D:8      | Found a glowing golden altar of the Shining One.
 10584 | D:8      | Found a shimmering altar of Xom.
 10677 | D:9      | Found a runed translucent door.
 10677 | D:9      | Found a shimmering altar of Xom.
 10677 | D:9      | Noticed Dazliare's ghost (novice TrCK)
 10677 | D:9      | Noticed a +1 hand axe of chaos
 10757 | D:9      | Noticed a death yak
 10757 | D:9      | Noticed a death yak
 10782 | D:9      | Killed a death yak
 10799 | D:9      | Noticed a death yak
 10822 | D:9      | Killed a death yak
 10823 | D:9      | Reached XP level 11. HP: 72/76 MP: 0/0
 10823 | D:9      | Learned a level 5 spell: Silence
 10836 | D:9      | Noticed a death yak
 10838 | D:9      | Noticed a death yak
 10847 | D:9      | Killed a death yak
 10852 | D:9      | Killed a death yak
 10854 | D:9      | Killed a death yak
 10975 | D:9      | Found a staircase to the Lair.
 11123 | D:9      | Found a staircase to the Orcish Mines.
 11147 | D:9      | Reached skill level 5 in Armour
 11424 | D:9      | Found a blossoming altar of Fedhas.
 11427 | D:9      | Found a stormy altar of Qazlal.
 11490 | D:9      | Reached *** piety under Lugonu
 11503 | D:9      | Noticed a centaur warrior
 11508 | D:9      | Killed a centaur warrior
 11967 | D:10     | Entered Level 10 of the Dungeon
 12216 | D:10     | Found Vediuw's Assorted Antiques.
 12250 | D:10     | Bought an inky potion for 27 gold pieces
 12250 | D:10     | Bought a scroll labelled EFYKKEANIKH for 30 gold pieces
 12250 | D:10     | Bought a scroll labelled MAIROSIFRIVIO for 30 gold pieces
 12279 | D:10     | Bought an ivory wand for 120 gold pieces
 13432 | D:11     | Noticed Snorg
 13432 | D:11     | Noticed Fannar
 13522 | Orc:1    | Entered Level 1 of the Orcish Mines
 13522 | Orc:1    | Noticed a cyclops
 13899 | Lair:1   | Entered Level 1 of the Lair of Beasts
 14063 | Lair:2   | Noticed a boulder beetle
 14103 | Lair:2   | Found a staircase to the Snake Pit.
 14499 | Lair:1   | Reached **** piety under Lugonu
 14504 | Lair:1   | Reached XP level 12. HP: 78/85 MP: 0/0
 14604 | Lair:2   | Killed a boulder beetle
 15037 | Lair:3   | Found a dark tunnel.
 15050 | Lair:3   | Reached skill level 5 in Dodging
 15484 | Lair:3   | Noticed a four-headed hydra
 15489 | Lair:3   | Killed a four-headed hydra
 15587 | Volcano  | Entered a volcano
 16368 | Volcano  | Noticed a sun demon
 16375 | Volcano  | Killed a sun demon
 16632 | Volcano  | Noticed a soul eater
 16637 | Volcano  | Killed from afar by a smoke demon

Illustrated notes

Levels and vault maps discovered:
D:1:      lightli_arrival_statuegarden, layout_basic,
          ebering_ecumenical_altar_hall
D:2:      layout_loops_corners, chequers_big_river
D:3:      layout_basic, mainiacjoe_overflow_surrounded_room,
          serial_corexii_hall, corexii_hall_statues_l, corexii_hall_statues_i
D:4:      layout_rooms, serial_shops, nicolae_lakefront_shop,
          serial_bayou_lagoon_a, uniq_menkaure, uniq_edmund, uniq_eustachio,
          uniq_pikel, uniq_crazy_yiuf_cottage
D:5:      layout_loops_corners, grunt_gozag_breadcrumbs,
          minmay_temple_entry_glass, minmay_misc_feat_alley,
          serial_bayou_lagoon_b
D:6:      layout_rooms, nzn_wu_jian_contemplation, mainiacjoe_overflow_catwalk,
          minmay_misc_feat_x
D:7:      layout_loops_ring, okawaru_altar_gauntlet_db,
          nicolae_overflow_crystal_walls, enter_bailey_3
D:8:      layout_rooms, nemelex_diamond_rough_becter,
          minmay_overflow_temple_star_hex, nicolae_uskayaw_en_pointe,
          uniq_joseph
D:9:      layout_small_grid, grunt_temple_overflow_forces_of_nature,
          dpeg_lair_monsters, david_orc_1_choice, ebering_ghost_xom
D:10:     layout_long_grid, serial_shops, nicolae_stop_n_shop_1,
          chequers_hall_statues_y
D:11:     layout_long_grid, roderic_lattice_a, uniq_snorg, uniq_fannar
Temple:   corrupted_temple
Lair:1:   layout_cave_pods, beast_lair_carwin_1
Lair:2:   layout_regular_city, guppyfry_snake_entry_garden, lemuel_fruit_tree,
          infiniplex_staircase_pool, uniq_nergalle
Lair:3:   layout_loops_ring, nicolae_volcano_entry_two_sided,
          serial_bayou_shore_b
Orc:1:    nicolae_orc_accident_1, layout_caves, roderic_batcave
Volcano:  volcano_grotto [vgs_many_chambers]

Skill      XL: |  1  2  3  4  5  6  7  8  9 10 11 12 |
---------------+-------------------------------------+-----
Spellcasting   | 3 4 5 6 8 9 |  9.3
Fighting       | 1 2 4 6 7 8 |  8.4
Armour         | 1 2 3 4 6 7 |  7.0
Stealth        | 2 |  2.5
Invocations    | 3 6 7 |  7.3
Polearms       | 1 4 |  4.5
Dodging        | 3 4 6 |  6.3
Evocations     | 3 |  3.0

Action                   |  1- 3 |  4- 6 |  7- 9 | 10-12 || total
-------------------------+-------+-------+-------+-------++-------
Melee: Unarmed           |       |     4 |       |       ||     4
       Hunting sling     |       |     2 |       |       ||     2
       Dagger            |       |     1 |       |       ||     1
       Morningstar       |       |     4 |       |       ||     4
       Flail             |       |       |    60 |       ||    60
       Trident           |       |       |   101 |   333 ||   434
 Fire: Hunting sling     |    27 |   178 |   116 |       ||   321
 Cast: Magic Dart        |    43 |       |       |       ||    43
       Mephitic Cloud    |       |    12 |     5 |     2 ||    19
       Call Imp          |       |     2 |     2 |     3 ||     7
       Blink             |       |     3 |     1 |       ||     4
       Animate Armour    |       |       |    20 |    53 ||    73
Invok: Banish            |       |       |       |     2 ||     2
Evoke: Phial of floods   |       |       |       |     1 ||     1
  Use: Scroll            |       |       |     6 |    11 ||    17
 Stab: Sleeping          |       |       |     2 |     1 ||     3
Armor: Robe              |     6 |       |       |       ||     6
       Leather armour    |       |    10 |       |       ||    10
       Quicksilver drago |       |    27 |   138 |   235 ||   400
Dodge: Dodged            |     9 |    57 |   120 |   203 ||   389
